 Dungeon Crawl Stone Soup version 0.31-a0-1626-g5cb510d322 (webtiles) character file.

Game seed: 5820187762047689325

514 Laraso the Shooter (level 7, 49/52 HPs)
             Began as a Red Draconian Hexslinger on Jan 13, 2024.
             Was a Believer of Zin.
             Quit the game on level 5 of the Dungeon.
             The game lasted 00:09:04 (4403 turns).

Laraso the Shooter (Red Draconian Hexslinger)       Turns: 4403, Time: 00:09:04

Health: 49/52      AC:  8    Str: 11    XL:     7   Next: 0%
Magic:  5/8        EV: 17    Int: 13    God:    Zin [**....]
Gold:   192        SH:  0    Dex: 15    Spells: 6/8 levels left

rFire   + . .        a - +2 sling
rCold   . . .        (no shield)
rNeg    . . .        (body armour unavailable)
rPois   .            e - +2 hat
rElec   .            (no cloak)
rCorr   .            (no gloves)
SInv    .            (no boots)
Will    .....        (no amulet)
Stlth   +            k - +5 ring of evasion
HPRegen 0.28/turn    (no ring)
MPRegen 0.11/turn

%: no passive effects
@: weak-willed, attractive, jinxed
A: breathe fire, AC +6, unfitting armour, fire resistance 1, cold-blooded
a: Breathe Fire, Renounce Religion, Recite, Vitalisation, Donate Gold


You were on level 5 of the Dungeon.
You worshipped Zin.
Zin was pleased with you.
You visited 2 branches of the dungeon, and saw 6 of its levels.

You collected 213 gold pieces.
You donated 21 gold pieces to Zin.

Inventory:

Hand Weapons
 a - a +2 sling (weapon)
Armour
 e - a +2 hat (worn)
Jewellery
 k - a +5 ring of evasion (left hand)
Scrolls
 b - 2 scrolls of poison
 f - 2 scrolls of immolation
 i - a scroll of enchant weapon
 j - a scroll of fog
 n - 2 scrolls of vulnerability
Potions
 c - a potion of might
 m - 3 potions of curing
 o - a potion of attraction


   Skills:
 - Level 1.1 Fighting
 * Level 5.7 Ranged Weapons
 - Level 1.7 Dodging
 - Level 1.0 Spellcasting
 - Level 4.4 Hexes
 - Level 1.2 Fire Magic
 + Level 1.5 Invocations


You had 6 spell levels left.
You knew the following spells:

 Your Spells              Type           Power      Damage    Failure   Level
a - Jinxbite              Hex            24%        N/A       7%          2

Your spell library contained the following spells:

 Spells                   Type           Power      Damage    Failure   Level
 Sigil of Binding         Hex            12%        N/A       14%         3
 Inner Flame              Hex/Fire       8%         N/A       26%         3
 Dazzling Flash           Conj/Hex       12%        N/A       34%         3
 Cause Fear               Hex            6%         N/A       41%         4
 Gell's Gravitas          Tloc           0%         N/A       63%         3
 Mephitic Cloud           Conj/Alch/Air  0%         N/A       63%         3
 Teleport Other           Tloc           0%         N/A       63%         3
 Dimensional Bullseye     Hex/Tloc       3%         N/A       75%         4
 Silence                  Hex/Air        3%         N/A       97%         5
 Curse of Agony           Necr           0%         N/A       100%        5
 Dispersal                Tloc           0%         N/A       100%        6


Dungeon Overview and Level Annotations

Branches:
Dungeon (5/15)             Temple (1/1) D:4

Altars:
Cheibriados
Elyvilon
Hepliaklqana
Kikubaaqudgha
Qazlal
Sif Muna
Trog
Xom
Yredelemnul
Zin

Shops:
D:3 :


Innate Abilities, Weirdness & Mutations

You can breathe blasts of fire.
Your fiery red scales are hard. (AC +6)
You cannot fit into any form of body armour.
Your flesh is heat resistant. (rF+)
You are cold-blooded and may be slowed by cold attacks.


Message History

The gnoll is heavily wounded.
A gnoll comes into view. It is wielding a +0 flail.
The gnoll completely misses you. The gnoll is attracted toward you.
Fire: a) +2 sling
Press: ? - help, Q - select action, (/) - cycle Shift-Dir - straight line, f/p - gnoll
Aim: a gnoll, wielding a +0 rapier (heavily wounded, chance to call a sprite on attack: 54%, 64% to hit)
You shoot a sling bullet. The sling bullet hits the gnoll.
The gnoll is severely wounded.
The gnoll closely misses you. The gnoll barely misses you.
Fire: a) +2 sling
Press: ? - help, Q - select action, (/) - cycle Shift-Dir - straight line, f/p - gnoll
Aim: a gnoll, wielding a +0 rapier (severely wounded, chance to call a sprite on attack: 54%, 64% to hit)
You shoot a sling bullet.
The sling bullet closely misses the gnoll.
A giggling sprite leaps out and bonks the gnoll with its +0 rapier.
The gnoll is almost dead.
The gnoll hits you but does no damage. The gnoll barely misses you.
Fire: a) +2 sling
Press: ? - help, Q - select action, (/) - cycle Shift-Dir - straight line, f/p - gnoll
Aim: a gnoll, wielding a +0 rapier (almost dead, heavily drained, chance to call a sprite on attack: 59%, 64% to hit)
You shoot a sling bullet. The sling bullet hits the gnoll.
You kill the gnoll!
The gnoll closely misses you.
Fire: a) +2 sling
Press: ? - help, Q - select action, (/) - cycle Shift-Dir - straight line, f - gnoll
Aim: a gnoll, wielding a +0 flail (chance to call a sprite on attack: 54%, 64% to hit)
You shoot a sling bullet. The sling bullet hits the gnoll!
The gnoll is heavily wounded.
A giggling sprite leaps out and bonks the gnoll with its +0 flail.
The gnoll is almost dead.
The gnoll closely misses you.
You shoot a sling bullet. The sling bullet hits the gnoll!
You kill the gnoll!
You have reached level 7!
Your scales start taking on a fiery red colour.
You learn Fire Magic much quicker.
You learn Ice Magic much slower.
You can breathe blasts of fire.
You feel resistant to heat.
Unknown command.
Are you sure you want to abandon this character and quit the game? (Confirm with "yes".)

..#.....# #.#......#
..§#§.§§# #.#.###..#
##§g#§§§## #........#
#§§§#§§.## ###.###.##
..§§§§#..§#### #.# #.#
###§§§§......#
##.###+### #§§§§.g....#
#<........ #.§§§..g...#
#.........
#######...####@........
###!.)##)).......
###..#.....####
##.....#.# #..(..#.#
#>....#.# #.....#
#.....# #.....#


There were no monsters in sight!

Vanquished Creatures
  An ogre (D:4)
  Blork the orc (D:5)
  A scorpion (D:5)
  An orc priest (D:3)
  2 iguanas
  An orc wizard (D:4)
  4 gnolls
  4 adders
  3 dart slugs
  2 ribbon worms
  19 orcs
  A ball python (D:2)
  7 bats
  9 endoplasms
  4 giant cockroaches
  10 hobgoblins
  4 jackals (D:3)
  7 quokkas
  6 frilled lizards
  4 goblins
  6 kobolds
  3 rats
100 creatures vanquished.

Notes
Turn   | Place    | Note
-------+----------+-------------------------------------------
     0 | D:1      | Laraso the Draconian Hexslinger began the quest for the
                  | Orb.
     0 | D:1      | Reached XP level 1. HP: 16/16 MP: 2/2
    24 | D:1      | Reached skill level 2 in Ranged Weapons
   103 | D:1      | Reached XP level 2. HP: 23/23 MP: 3/3
   491 | D:1      | Learned a level 2 spell: Jinxbite
   868 | D:1      | Reached XP level 3. HP: 28/28 MP: 4/4
  1030 | D:2      | Found a faded altar of an unknown god.
  1172 | D:2      | Reached skill level 3 in Ranged Weapons
  1508 | D:3      | Reached XP level 4. HP: 35/35 MP: 5/5
  1534 | D:3      | Found Vucug's Book Emporium.
  1770 | D:3      | Found a bloodstained altar of Trog.
  2215 | D:3      | Identified the +3 flail "Plog" {freeze, Dex+4}
  2264 | D:3      | Reached skill level 4 in Ranged Weapons
  2306 | D:3      | Reached XP level 5. HP: 36/40 MP: 6/6
  2608 | D:4      | Found a staircase to the Ecumenical Temple.
  2716 | Temple   | Entered the Ecumenical Temple
  2765 | Temple   | Became a worshipper of Zin the Law-Giver
  2765 | Temple   | Reached * piety under Zin
  3212 | D:4      | Noticed an ogre
  3590 | D:4      | Killed an ogre
  3591 | D:4      | Reached skill level 5 in Ranged Weapons
  3591 | D:4      | Reached XP level 6. HP: 47/47 MP: 3/7
  3686 | D:5      | Entered Level 5 of the Dungeon
  3772 | D:5      | Noticed Blork the orc
  3786 | D:5      | Killed Blork the orc
  3787 | D:5      | Reached skill level 1 in Invocations
  3823 | D:5      | Reached ** piety under Zin
  3863 | D:5      | Identified the +8 longbow of the Summoning Gods {flame,
                  | rPois}
  3879 | D:5      | Zin protects you from harm!
  3879 | D:5      | HP: 2/47 [gnoll/arrow (7)]
  4403 | D:5      | Your scales start taking on a fiery red colour.
  4403 | D:5      | Reached XP level 7. HP: 49/52 MP: 5/8
  4403 | D:5      | Gained mutation: Your flesh is heat resistant. (rF+) [Red
                  | Draconian growth]
  4403 | D:5      | Quit the game

Illustrated notes

Levels and vault maps discovered:
D:1:      minmay_arrival_checkered_box, layout_loops_corners
D:2:      layout_basic, hellmonk_ecumenical_altar_crossroads
D:3:      layout_basic, trog_butcher_becter, serial_shops, shop,
          minmay_fractal_squares_gapless_5
D:4:      layout_loops_ring, temple_hall, serial_library_hellmonk_statue_hall,
          nicolae_concentric_dashed_squares_mild, glass_columns_c,
          nicolae_the_louvre
D:5:      layout_basic, nzn_wu_jian_contemplation, minmay_misc_feat_tower,
          minivault_26, uniq_sigmund, uniq_pikel, uniq_blork_the_orc
Temple:   grunt_temple_mini_profane

Skill      XL: |  1  2  3  4  5  6 |
---------------+-------------------+-----
Ranged Weapons | 2 3 4 5 |  5.7
Hexes          | 3 4 |  4.4
Invocations    | 1 |  1.5
Fighting       | |  1.1
Dodging        | |  1.7
Spellcasting   | |  1.0
Fire Magic     | |  1.2

Action                     |  1- 3 |  4- 6 |  7- 9 || total
---------------------------+-------+-------+-------++-------
   Fire: Sling             |   134 |   223 |       ||   357
   Cast: Jinxbite          |     3 |    13 |       ||    16
    Use: Scroll            |     7 |     5 |       ||    12
         Potion            |       |     6 |       ||     6
 Armour: Skin              |    25 |    73 |       ||    98
  Dodge: Dodged            |    22 |    91 |       ||   113

Table legend: (Time is in decaauts)
 A = Elapsed time spent in this place.
 B = Non-inter-level travel time spent in this place.
 C = Inter-level travel time spent in this place.
 D = Time resting spent in this place.
 E = Time spent auto-exploring this place.
 F = Levels seen in this place.
 G = Mean time per level.
                   A        B        C        D        E       F      G
               +--------+--------+--------+--------+--------+-----+--------+
         Total |   4493 |   4209 |    284 |    499 |   2908 |   6 |  748.8 |
       Dungeon |   4415 |   4176 |    239 |    499 |   2908 |   5 |  883.0 |
        Temple |     78 |     33 |     45 |      0 |      0 |   1 |   78.0 |
               +--------+--------+--------+--------+--------+-----+--------+

Top non-repeatable levels by time:
     D:4: 1507 daAuts
     D:3: 1245 daAuts
     D:1: 966 daAuts
     D:2: 430 daAuts
     D:5: 266 daAuts
  Temple: 78 daAuts
